 Dungeon Crawl Stone Soup version 0.23.1 (webtiles) character file.

Game seed: 0

58 Borgoz the Sneak (level 4, 0/33 HPs)
             Began as a Ghoul Enchanter on Mar 14, 2019.
             Slain by a goblin
             ... wielding a +3 dagger of distortion
              (4 damage)
             ... on level 1 of the Dungeon.
             The game lasted 00:03:23 (1378 turns).

Borgoz the Sneak (Ghoul Enchanter)                  Turns: 1378, Time: 00:03:24

Health: 0/33       AC:  2    Str: 11    XL:     4   Next: 2%
Magic:  0/5        EV: 12    Int: 15    God:
Gold:   83         SH:  0    Dex: 10    Spells: 0/6 levels left

rFire    . . .     SeeInvis .   e - +0 short sword
rCold    + . .     Gourm    .   (no shield)
rNeg     + + +     Faith    .   b - +0 robe
rPois    ∞         Spirit   .   (no helmet)
rElec    .         Reflect  .   (no cloak)
rCorr    .         Harm     .   (no gloves)
MR       .....                  (no boots)
Stlth    ++........             (no amulet)
HPRegen  0.00/turn              (no ring)
MPRegen  0.09/turn              (no ring)

@: brilliant, rotting
A: rotting body, claws 1, carnivore, cold resistance 1, negative energy
resistance 3, inhibited regeneration, torment resistance, unbreathing
a: no special abilities


You were on level 1 of the Dungeon.
You were not hungry.

You visited 1 branch of the dungeon, and saw 2 of its levels.

You collected 83 gold pieces.

Inventory:

Hand Weapons
 a - a +1 dagger
 e - a +0 short sword (weapon)
Missiles
 j - 10 poisoned needles
Armour
 b - a +0 robe (worn)
Scrolls
 c - 2 scrolls of teleportation {unknown}
Potions
 g - a potion of heal wounds {unknown}
 h - a potion of lignification {unknown}
 k - 2 potions of curing
Comestibles
 d - 3 rations
 i - 3 chunks of flesh


   Skills:
 * Level 2.4 Short Blades
 + Level 1.3 Armour
 + Level 2.3 Dodging
 - Level 3.2 Stealth
 - Level 1.7 Spellcasting
 - Level 2.4 Hexes


You couldn't memorise any spells.
You knew the following spells:

 Your Spells              Type           Power        Failure   Level  Hunger
a - Corona                Hex            ###....      1%          1    ##.....
b - Ensorcelled Hibernat  Hex/Ice        ##....       2%          2    ###....
c - Confuse               Hex            ###.....     3%          3    ####...

Your spell library contained the following spells:

 Spells                   Type           Power        Failure   Level  Hunger
 Tukima's Dance           Hex            ###.....     3%          3    ####...
 Dazzling Spray           Conj/Hex       ##....       4%          3    ####...


Dungeon Overview and Level Annotations

Branches:
Dungeon (2/15)

Altars:


Innate Abilities, Weirdness & Mutations

Your body is rotting away.
You thrive on raw meat.
You are immune to poison.
You have sharp fingernails.
You are carnivorous and can eat meat at any time.
Your flesh is cold resistant. (rC+)
You are immune to negative energy. (rN+++)
You do not regenerate when monsters are visible.
You are immune to unholy pain and torment.
You can survive without breathing.


Message History

You feel clever all of a sudden.
Okay, then.
Casting: Ensorcelled Hibernation (safe; 2% risk of failure)
Confirm with . or Enter, or press ? or * to list all spells.
Aiming: Ensorcelled Hibernation (safe; 2% risk of failure)
Press: ? - help, Shift-Dir - straight line, f/p - goblin
Aim: a goblin, wielding a +3 dagger of distortion (chance to defeat MR: 62%)
The goblin resists with significant effort.
The goblin hits you with a +3 dagger of distortion.
* * * LOW HITPOINT WARNING * * *
Space bends around you.
* * * LOW HITPOINT WARNING * * *
Casting: Ensorcelled Hibernation (safe; 2% risk of failure)
Confirm with . or Enter, or press ? or * to list all spells.
Aiming: Ensorcelled Hibernation (safe; 2% risk of failure)
Press: ? - help, Shift-Dir - straight line, f/p - goblin
Aim: a goblin, wielding a +3 dagger of distortion (chance to defeat MR: 62%)
The goblin resists with significant effort.
The goblin hits you with a +3 dagger of distortion.
You die...

..##..##.........#
# ##............#
# #.##.........#
...##.##########.#
#...>..# #...#
###.##.######.###
... ...........#
###. ......###.#
#. ###...###@# ..
###..##g# ##
#.....## ###....#
#....# ### #...##
w.######### #w###
#.÷))J.w.w####w#
#########....w.#


You could see 2 dart slugs and a goblin.

Vanquished Creatures
  4 adders (D:2)
  A leopard gecko (D:1)
  4 bats
  A giant cockroach (D:1)
  5 goblins
  2 hobgoblins (D:1)
  A kobold (D:2)
  A frilled lizard (D:2)
  3 rats (D:1)
22 creatures vanquished.

Notes
Turn   | Place    | Note
-------+----------+-------------------------------------------
     0 | D:1      | Borgoz the Ghoul Enchanter began the quest for the Orb.
     0 | D:1      | Reached XP level 1. HP: 14/14 MP: 2/2
    17 | D:1      | Reached skill level 1 in Short Blades
   376 | D:1      | You fall through a shaft!
   385 | D:2      | Reached XP level 2. HP: 16/20 MP: 3/3
   527 | D:2      | Reached skill level 1 in Armour
   527 | D:2      | Reached XP level 3. HP: 12/26 MP: 2/4
  1294 | D:1      | Learned a level 2 spell: Ensorcelled Hibernation
  1322 | D:1      | Reached XP level 4. HP: 32/32 MP: 5/5
  1333 | D:1      | Learned a level 3 spell: Confuse
  1378 | D:1      | Slain by a goblin

Skill      XL: |  1  2 |
---------------+-------+-----
Short Blades   | 1 2 |  2.4
Dodging        | 2 |  2.3
Armour         | 1 |  1.3
Stealth        | |  3.2
Spellcasting   | |  1.7
Hexes          | |  2.4

Action                   |  1- 3 |  4- 6 || total
-------------------------+-------+-------++-------
Melee: Short sword       |    96 |     8 ||   104
 Cast: Corona            |     9 |       ||     9
       Ensorcelled Hiber |       |     3 ||     3
  Use: Potion            |     1 |     1 ||     2
 Stab: Sleeping          |     3 |       ||     3
  Eat: Chunk             |     2 |     2 ||     4
Armor: Robe              |    17 |     1 ||    18
Dodge: Dodged            |    76 |     7 ||    83
